AoeStats
← xlxl

Scandinavia

510445569Analyzed
1v1 RM · 1d ago on Oct 1, 2026· 31m 21s· 2 players
Game mode
Random Map
Map size
Tiny (2 player)
Population
200
Speed
Normal
Resources
Standard
Victory
Conquest
Starting age
Dark Age
Ending age
Imperial Age
RankedLock teamsTeams togetherTeam positionsShared explorationLock speedFull tech treeHidden civsTurbo modeCheats
Victory
Defeat
🇦🇷 Chinese · Argentina
679
+16
🇬🇧 Mongols · United Kingdom
673
-16
xlxl
8:10 Loom
11:02 Feudal Age
13:11 Double-Bit Axe
16:31 Castle Age
17:27 Fletching
17:39 Padded Archer Armor
30:37 Forging
Emaime
0:33 Loom
12:27 Feudal Age
13:20 Double-Bit Axe
14:33 Fishing Lines
18:56 Castle Age
17:58 Fletching
18:08 Padded Archer Armor
18:07 Stone Mining
18:38 Forging
20:35 Stone Shaft Mining
19:29 Elite Skirmisher
19:51 Pikeman
20:34 Gillnets
21:26 Bodkin Arrow
27:35 Wheelbarrow
Connection lost

Rejoining the realm…

Still unreachable

The connection could not be restored.

Session expired

The server has moved on; the page needs a fresh start.